[Event "SixDays Budapest January-IMA 2023"]
[Site "Budapest"]
[Date "2023.01.28"]
[Round "9.2"]
[White "Magold, Filip"]
[Black "Szeberenyi, Adam"]
[Result "0-1"]
[ECO "B40"]
[WhiteElo "2230"]
[BlackElo "2331"]
[Annotator "TA"]
[PlyCount "64"]
[EventDate "2023.01.23"]
[EventType "tourn"]
[EventCountry "HUN"]
[SourceTitle "playchess.com"]
[Source "ChessBase"]
[SourceQuality "1"]
[TimeControl "5400+30"]

1. e4 c5 2. Nf3 e6 3. d4 cxd4 4. Nxd4 Nf6 5. Nc3 Nc6 6. Ndb5 Bc5 7. Bf4 {[%emt 0:01:11] Strongly threatening Nc7+. The main line 7.Bf4 scores better than 7.Nd6+.} O-O {[%emt 0:00:34] B45: Sicilian Four Knights.} 8. Bc7 Qe7 {[%emt 0:00:09] aiming for ...d5.} 9. Bd6 $1 Bxd6 {[%emt 0:00:11] White has an edge.} 10. Qxd6 Qd8 11. Nc7 Rb8 12. O-O-O (12. Be2 $14) 12... a6 $11 13. N7d5 {[%emt 0:06:24] [#]} b5 $146 (13... Ne8 $142 14. Qg3 exd5 15. exd5 d6 16. dxc6 bxc6) ({Predecessor:} 13... exd5 14. exd5 Ne8 15. Qg3 Qc7 16. dxc6 Qxg3 17. hxg3 dxc6 18. Bc4 Nf6 19. Rhe1 Re8 20. Rxe8+ Nxe8 {½-½ Harikrishna,P (2719)-Duda,J (2753) Pepe Cuenca Invitational 2020 (1.9)}) 14. Nxf6+ $1 Qxf6 15. f4 Bb7 16. g3 Rfc8 17. Bg2 (17. Qxd7 b4 18. Na4 b3 19. axb3 Nb4 $17) 17... b4 (17... Na5 $11 {keeps the balance.}) 18. Na4 $1 $16 {[%emt 0:11:27] Hoping for Nb6.} Qd8 {[%emt 0:05:40] Wards off Nb6} 19. Nc5 $1 (19. Qxd7 $2 Qa5 20. Qd3 (20. b3 $2 Rd8 $19) 20... Qxa4 $19) 19... b3 20. Nxb3 (20. axb3 $6 Nb4 21. c3 (21. Qxd7 $2 Qa5 $19) 21... Qa5 22. cxb4 Qxb4 $14) (20. cxb3 $142 {[%cal Oc1b1] Kb1! would be deadly.} Nb4 21. Kb1) 20... Na5 21. Kb1 {[%emt 0:08:49] Black is weak on the dark squares} (21. Qxd7 $16 Qb6 22. Kb1) 21... Bc6 (21... Nc4 $1 $11 22. Qd4 (22. Qxd7 Qxd7 23. Rxd7 a5 $11) 22... Qc7) 22. Rd4 ({Better is} 22. Nxa5 $16 Qxa5 23. b3) 22... Nb7 $14 23. Qa3 a5 24. Rhd1 Qb6 25. R4d2 $2 {[%emt 0:07:10] [#]} (25. Bh1 $11) 25... a4 $1 $17 26. Nd4 {[%emt 0:02:23] [#]} (26. Na1 $17) 26... Na5 ({Black should try} 26... Nd6 $1 $19 {[%cal Rd6c4] Threatens to win with ...Nc4.} 27. Bf1 (27. Qxd6 $2 Qxb2#) (27. Nxc6 $2 Nc4 $19) 27... Nxe4) 27. Bf1 Bxe4 $40 {[%emt 0:00:41][%mdl 128] Black attacks with force.} 28. Nb5 $2 {[%emt 0:01:25] Loses the game.} (28. Ka1 $17 {was worth a try.}) 28... Nc4 29. Bxc4 Rxc4 30. Nd4 ({Avoid the trap} 30. Nd6 $2 Rb4 31. b3 axb3 32. Nxe4 bxc2+ 33. Kxc2 Rxe4 $19) 30... f6 31. Kc1 $2 (31. Ka1) 31... Rbc8 $19 {[%emt 0:00:15][%cal Ob6d4] ...Qxd4! is the strong threat.} 32. b3 {[%emt 0:04:51] [#]} Qxd4 $3 {[%mdl 576] Deflection. Beautiful play by Szeberenyi!   Weighted Error Value: White=0.62/Black=0.28 (precise)} 0-1

[Event "SixDays Budapest January-IMA 2023"]
[Site "Budapest"]
[Date "2023.01.28"]
[Round "9.3"]
[White "Baski, Barnabas"]
[Black "Taragan, Uri"]
[Result "1/2-1/2"]
[ECO "A05"]
[WhiteElo "2188"]
[BlackElo "1733"]
[Annotator "TA"]
[PlyCount "37"]
[EventDate "2023.01.23"]
[EventType "tourn"]
[EventCountry "HUN"]
[SourceTitle "playchess.com"]
[Source "ChessBase"]
[SourceQuality "1"]
[TimeControl "5400+30"]

1. Nf3 Nf6 2. c4 e6 3. g3 d5 4. Bg2 d4 5. O-O c5 6. e3 Nc6 {[%emt 0:00:22] A13: English Opening: 1...e6.} 7. Re1 Bd6 8. exd4 cxd4 9. Na3 a6 10. d3 O-O 11. Nc2 a5 {[%emt 0:16:51] [#]} 12. Ncxd4 $146 ({Predecessor:} 12. a3 e5 13. b3 h6 14. Rb1 Bf5 15. b4 axb4 16. axb4 Re8 17. b5 Nb8 18. Nh4 {0-1 Pavlov,S (2480)-Martirosyan,H (2617) Titled Tuesday intern op 5th May blitz 2020 (2)}) 12... Nxd4 13. Nxd4 Bb4 $1 14. Nc2 {[%emt 0:03:24][%cal Bd4c2,Bc2e1,Be1f3][%mdl 32] [#] Hoping for Nxb4.} Bxe1 15. Nxe1 e5 16. Bd2 Bg4 17. Qc2 Qd7 18. Bc3 Rfe8 19. Nf3 {[%emt 0:04:24] An uneventful encounter.   Weighted Error Value: White=0.07 (flawless) /Black=0.05 (flawless)} 1/2-1/2

[Event "SixDays Budapest January-IMA 2023"]
[Site "Budapest"]
[Date "2023.01.28"]
[Round "9.4"]
[White "Orso, Miklos"]
[Black "Polyik, Peter"]
[Result "0-1"]
[ECO "A06"]
[WhiteElo "2256"]
[BlackElo "2323"]
[Annotator "TA"]
[PlyCount "112"]
[EventDate "2023.01.23"]
[EventType "tourn"]
[EventCountry "HUN"]
[SourceTitle "playchess.com"]
[Source "ChessBase"]
[SourceQuality "1"]
[TimeControl "5400+30"]

1. Nf3 d5 2. b3 Bf5 3. Bb2 e6 4. g3 h6 5. Bg2 Nf6 6. O-O Be7 7. d3 O-O 8. Nbd2 c6 9. Qe1 Bh7 10. e4 a5 11. a3 Nbd7 12. Qe2 {[%emt 0:00:10] A07: Réti Opening: New York and Capablanca Systems.} b5 13. Rfe1 Qb6 14. h3 {[%emt 0:06:05] [#] The position is equal.} Rfd8 $146 ({Predecessor:} 14... b4 15. a4 Rfd8 16. Rad1 Rac8 17. Kh2 Qa6 18. Ng1 Nb6 19. f4 dxe4 20. Nxe4 Nbd5 {1-0 Onischuk,V (2498)-Pavlov,M (2364) UKR-ch sf Alushta 2011 (6)}) 15. Kh1 Rac8 16. Nh2 dxe4 17. dxe4 e5 ({Black should play} 17... a4 $17) 18. Nhf1 Bc5 19. Ne3 Bd4 20. Bxd4 exd4 21. Ng4 (21. Nf5 $11) 21... Nxg4 $15 22. hxg4 Ne5 23. f4 d3 24. cxd3 Nxd3 25. Rf1 Rc7 {[%emt 0:00:29][%cal Bc8c7,Bc7d7,Bd7d4][%mdl 32] Black has more active pieces.} 26. e5 Rcd7 $36 {[%emt 0:07:39][%cal Od3f4][%mdl 2048] Hoping for ...Nxf4! Black is pushing.} 27. Ne4 $1 Bxe4 28. Bxe4 Rd4 {[%emt 0:03:08] White must now prevent ...Nc5.} 29. Bg2 (29. e6 $11 fxe6 30. g5) 29... c5 $17 {[%emt 0:02:29] Black continues to play with concentration.} 30. Rab1 Qe6 31. Kh2 (31. Be4 $17) 31... f6 32. a4 (32. Rbd1 $17) 32... b4 $19 ({Worse is} 32... fxe5 33. axb5 e4 34. Ra1 $11) (32... bxa4 33. bxa4 fxe5 34. f5) 33. Qe3 fxe5 34. f5 Qf6 35. Be4 Nf4 {[%emt 0:08:31][%cal Of4e2][%mdl 64] [#] Deflection} 36. Rb2 (36. gxf4 $2 {perishes.} Qh4+ 37. Kg1 (37. Kg2 $2 Rxe4 38. Qg3 Rd2+ 39. Rf2 Rxf2+ {[%mdl 64] Deflection} 40. Qxf2 Qxg4+ 41. Kh2 Re2 $19) 37... Rxe4 38. Qxe4 Rd2 $19) (36. Rbe1 {was necessary.} Nd5 37. Bxd5+ R8xd5 38. Kh3) 36... Nd5 37. Qf3 Nc3 {[%emt 0:00:21] White is weak on the dark squares} 38. Re1 Qg5 {[%emt 0:03:02] And now ...Rd2+ would win.} 39. Kh3 $2 (39. Rg2 {keeps fighting.}) 39... Rd1 40. Rxd1 Rxd1 41. Rc2 $2 (41. Bd3 h5 42. Bc4+ Kh7 43. Rh2) 41... Rd4 42. Bb7 e4 43. Qf2 e3 44. Qf3 e2 45. Rxe2 Nxe2 46. Qxe2 {[%emt 0:00:03][%mdl 4096] Endgame KQR-KQB} Kh7 47. Bc8 Qc1 {[%emt 0:00:52] aiming for ...Qh1+.} 48. Qf3 {[%emt 0:01:02] Dodges Qh1+} Qd1 49. Qxd1 Rxd1 {[%emt 0:00:04] KR-KB} 50. Be6 g5 51. Kg2 Kg7 52. Kf3 Kf6 {[%emt 0:00:07] ( -> ...Ke5)} 53. Bc4 Ke5 54. Ke3 Rc1 55. Bf7 Rc3+ 56. Kf2 {[%emt 0:00:21] [#]} c4 $1 {[%emt 0:00:17] Weighted Error Value: White=0.97/Black=0.23 (precise)} 0-1

[Event "SixDays Budapest January-IMA 2023"]
[Site "Budapest"]
[Date "2023.01.28"]
[Round "9.5"]
[White "Ihnat, Marek"]
[Black "Leszko, Bence"]
[Result "1-0"]
[ECO "B29"]
[WhiteElo "2138"]
[BlackElo "2298"]
[Annotator "TA"]
[PlyCount "61"]
[EventDate "2023.01.23"]
[EventType "tourn"]
[EventCountry "HUN"]
[SourceTitle "playchess.com"]
[Source "ChessBase"]
[SourceQuality "1"]
[TimeControl "5400+30"]

1. e4 c5 2. Nf3 Nf6 3. e5 Nd5 4. Nc3 e6 5. Ne4 f5 6. Nc3 Nb4 {[%emt 0:02:12] 6...Ne7 is a critical line. B29: Sicilian: 2 Nf3 Nf6 (Nimzowitsch Variation).} 7. d4 cxd4 8. Nxd4 {[%emt 0:00:07] [#]} d6 $146 (8... N8c6 $11 9. a3 Nxd4 10. axb4 Nc6) ({Predecessor:} 8... N8c6 9. Nxc6 bxc6 10. Be2 Qc7 11. Bf4 Be7 12. Bh5+ g6 13. Be2 g5 14. Be3 Qxe5 {0-1 Milliet,S (2382)-Clarke,B (2475) Paris Barreau 3rd 2022 (8)}) 9. exd6 $16 {[%emt 0:02:23] White is more active.} a6 {[%emt 0:21:08] Repels Ndb5} (9... Qxd6 $16 10. Ncb5 (10. Bb5+ N8c6 $14) 10... Qe5+ 11. Qe2 Qxe2+ 12. Bxe2 N8c6) 10. a3 $18 N4c6 11. Nb3 (11. Bf4 $18 {is more deadly.}) 11... Bxd6 12. Qh5+ g6 13. Qh6 Bf8 14. Qh3 Bg7 15. Be2 (15. Qg3 $5) 15... O-O 16. Bh6 b5 17. O-O Qe7 18. Rad1 Nd7 (18... Bxh6 $1 $14 19. Qxh6 Ra7) 19. Rfe1 Nde5 20. Bxg7 Kxg7 (20... Qxg7 $142 21. f4 Nc4) 21. Qe3 (21. f4 $142 Nc4 22. Bxc4 bxc4 23. Nd2) 21... f4 22. Qc5 Qg5 (22... Qxc5 $16 23. Nxc5 Rd8) 23. f3 ({Better is} 23. Ne4 $18 Qf5 24. Nd4 Nxd4 25. Qxd4 (25. Rxd4 Bb7 $15)) 23... Rf5 $16 24. Qf2 (24. Qd6 {is interesting.} Ra7 25. Ne4 Qh4 26. Nbc5) 24... Qh6 (24... Qe7 $16 25. Bd3 Nxd3 26. Rxd3 Ne5) 25. Rd6 {[%emt 0:03:58] Black must now prevent Bd3.} Rh5 {[%emt 0:01:21] [#]} (25... Qg5 $142 26. Red1 Qe7) 26. h3 $1 $18 {[%emt 0:00:19] Hoping for Ne4.} Ra7 $2 {[%emt 0:14:15] [#]} (26... Qg5 27. Ne4 Qe7) 27. Na5 $1 {[%emt 0:07:20][%mdl 576] Deflection} Rd7 28. Rxc6 (28. Nxc6 Rxd6 29. Nxe5 Rxe5 $11) 28... Nxc6 29. Nxc6 Rd2 $2 (29... Qg5 30. Ne4 Qh4 31. Qxh4 Rxh4) 30. Ne4 Rxc2 31. Qd4+ {Weighted Error Value: White=0.33/Black=0.74} 1-0